 Dungeon Crawl Stone Soup version 0.30-a0-723-gc1506a1cf0 (webtiles) character file.

Game seed: 7146389205741919819

1504 timneilson the Covered (level 8, -4/49 HPs)
             Began as a Gargoyle Fighter on Jan 28, 2023.
             Slain by Maggie
             ... wielding a +1 heavy morningstar
              (16 damage)
             ... on level 6 of the Dungeon.
             The game lasted 00:11:08 (6043 turns).

timneilson the Covered (Gargoyle Fighter)           Turns: 6043, Time: 00:11:09

Health: -4/49      AC: 21    Str: 24    XL:     8   Next: 82%
Magic:  8/8        EV: 10    Int: 10    God:
Gold:   78         SH:  6    Dex:  9    Spells: 7/7 levels left

rFire   . . .      SeeInvis +    a - +1 long sword
rCold   . . .      Faith    .    c - +1 buckler
rNeg    + . .      Spirit   .    b - +0 scale mail
rPois   ∞          Reflect  .    (no helmet)
rElec   +          Harm     .    (no cloak)
rCorr   .          Rampage  .    t - +1 pair of gloves {Str+3}
Will    .....                    s - +0 pair of boots Stlth
                                 (no amulet)
HPRegen 0.28/turn                d - +4 ring of protection
MPRegen 0.11/turn                q - ring of see invisible

@: mesmerised
A: sickness immunity, AC +5, negative energy resistance 1, electricity
resistance, torment resistance 1, petrification resistance
a: no special abilities


You were on level 6 of the Dungeon.
You visited 1 branch of the dungeon, and saw 6 of its levels.
You also visited: Sewer.

You collected 309 gold pieces.
You spent 231 gold pieces at shops.

Inventory:

Hand Weapons
 a - a +1 long sword (weapon)
Armour
 b - a +0 scale mail (worn)
 c - a +1 buckler (worn)
 s - a +0 pair of boots (worn)
 t - a +1 pair of gloves of strength (worn)
Jewellery
 d - a +4 ring of protection (left hand)
 q - a ring of see invisible (right hand)
Wands
 r - a wand of light (1)
 u - a wand of mindburst (12)
Scrolls
 l - 2 scrolls of enchant armour
 m - a scroll of blinking
 o - a scroll of teleportation
Potions
 e - a potion of haste
 f - a potion of mutation
 g - 2 potions of cancellation
 h - a potion of ambrosia
 i - a potion of might
 j - 2 potions of curing
 k - 2 potions of degeneration {unknown}
 n - a potion of attraction {unknown}
 p - a potion of flight {unknown}


   Skills:
 + Level 5.2 Fighting
 * Level 5.0 Long Blades
 * Level 6.7 Armour
 + Level 2.7 Dodging
 * Level 6.7 Shields
 + Level 1.0 Evocations


You had 7 spell levels left.
You didn't know any spells.
Your spell library contained the following spells:

 Spells                   Type           Power      Damage    Failure   Level
 Magic Dart               Conj           0%         1d3       71%         1
 Searing Ray              Conj           0%         2d4       85%         2
 Kindle Blastsparks       Fire/Tloc/Air  0%         2d10      97%         3
 Fulminant Prism          Conj/Hex       0%         3d5       100%        4
 Manifold Assault         Tloc           0%         N/A       100%        4
 Dispersal                Tloc           0%         N/A       100%        6
 Malign Gateway           Summ/Tloc      0%         N/A       100%        7
 Disjunction              Tloc           0%         N/A       100%        8
 Dragon's Call            Summ           0%         N/A       100%        9


Dungeon Overview and Level Annotations

Branches:
Dungeon (6/15)              Sewer (visited)
 Temple: D:4-7

Altars:
Cheibriados
Gozag
Hepliaklqana
Nemelex Xobeh
Qazlal
Sif Muna
Yredelemnul

Shops:
D:1 =   D:2 [

Annotations:
D:6 Maggie


Innate Abilities, Weirdness & Mutations

You are immune to sickness and miasma.
Your stone body is resilient. (AC +5)
You are immune to poison.
You resist negative energy. (rN+)
You are resistant to electric shocks. (rElec)
You are resistant to unholy torment.
You are immune to petrification.


Message History

You hit Maggie but do no damage.
Maggie is moderately wounded.
You block Maggie's attack.
You closely miss Maggie.
Maggie is moderately wounded.
Maggie hits you but does no damage.
You closely miss Maggie.
Maggie is moderately wounded.
Maggie casts a spell.
Maggie draws you further into her thrall.
You closely miss Maggie.
Maggie is moderately wounded.
Maggie gestures at you while chanting. The bolt of fire hits you!
You closely miss Maggie.
Maggie is moderately wounded.
Maggie gestures at you while chanting.
The bolt of fire hits you but does no damage.
You hit Maggie.
Maggie is moderately wounded.
Maggie casts a spell.
Maggie draws you further into her thrall.
You closely miss Maggie.
Maggie is moderately wounded.
Maggie barely misses you.
You barely miss Maggie.
Maggie is moderately wounded.
Maggie casts a spell.
Maggie draws you further into her thrall.
You hit Maggie.
Maggie is moderately wounded.
Maggie hits you with a +1 heavy morningstar!
You hit Maggie.
Maggie is moderately wounded.
Maggie hits you with a +1 heavy morningstar!
* * * LOW HITPOINT WARNING * * *
You barely miss Maggie.
Maggie is moderately wounded.
Maggie hits you with a +1 heavy morningstar!
You die...

#...................
.###......#.###.#..#.##
............###.#..#.#
#.###.#...............
....)...#..###......#+
#.###.#.#..###..#### .
# #.#.........# ..
#@##.......##..
#@###..........
#...>>..# #......###
#####.#.###........#
................# .##
#.###........# ..
###.###.##†##### .
...............#
###.........#### #+#
................#


You could see Maggie (mesmerising).

Vanquished Creatures
  Grinder (D:5)
  Eustachio (D:5)
  Menkaure (D:5)
  A sky beast (D:6)
  A phantom (D:5)
  2 bullfrogs (Sewer)
  3 scorpions
  A hound (D:5)
  A jelly (D:5)
  2 orc priests
  4 iguanas
  Ijyb (D:3)
  2 orc wizards (D:5)
  3 gnolls (D:3)
  A river rat (D:3)
  10 adders
  3 worms
  3 dart slugs
  8 orcs
  4 bats
  8 endoplasms
  14 giant cockroaches
  10 hobgoblins
  10 jackals
  12 quokkas
  9 ball pythons
  10 frilled lizards
  11 goblins
  7 kobolds
  5 rats
149 creatures vanquished.

Notes
Turn   | Place    | Note
-------+----------+-------------------------------------------
     0 | D:1      | timneilson the Gargoyle Fighter began the quest for the
                  | Orb.
     0 | D:1      | Reached XP level 1. HP: 14/14 MP: 1/1
    69 | D:1      | Found Bueph's Jewellery Shop.
   140 | D:1      | Reached XP level 2. HP: 14/19 MP: 2/2
   524 | D:1      | Reached XP level 3. HP: 23/23 MP: 3/3
   953 | D:2      | You fall into a shaft and drop 2 floors!
  1023 | D:4      | Noticed a scorpion
  1042 | D:4      | Killed a scorpion
  1043 | D:4      | Reached XP level 4. HP: 26/28 MP: 4/4
  1132 | D:4      | HP: 1/29 [orc priest/nerve-wracking pain (7)]
  1135 | D:4      | Reached skill level 1 in Dodging
  1135 | D:4      | Reached XP level 5. HP: 1/33 MP: 5/5
  1240 | D:4      | Found an opulent altar of Gozag.
  1376 | D:3      | Found a stormy altar of Qazlal.
  1820 | D:3      | Found a glowing drain.
  1824 | Sewer    | Entered a sewer
  1953 | Sewer    | Reached XP level 6. HP: 38/38 MP: 6/6
  2255 | Sewer    | Reached skill level 5 in Armour
  2716 | D:3      | Got Bunuclog's Compendium of the Hazy Boggart
  2817 | D:3      | Found a snail-covered altar of Cheibriados.
  2979 | D:3      | Reached skill level 5 in Shields
  3222 | D:2      | Found Iquipoys's Armour Shop.
  3680 | D:4      | Noticed Ijyb
  3718 | D:3      | Killed Ijyb
  3719 | D:3      | Reached XP level 7. HP: 35/43 MP: 7/7
  3941 | D:4      | Found a shimmering blue altar of Sif Muna.
  4021 | D:4      | Found a hazy altar of Hepliaklqana.
  4106 | D:5      | Entered Level 5 of the Dungeon
  4108 | D:5      | Noticed Menkaure
  4118 | D:5      | Killed Menkaure
  4537 | D:5      | Reached XP level 8. HP: 40/48 MP: 8/8
  4568 | D:5      | Noticed Grinder
  4570 | D:5      | Paralysed by Grinder for 4 turns
  4586 | D:5      | Killed Grinder
  4658 | D:5      | Found a basalt altar of Yredelemnul.
  4658 | D:5      | Found a sparkling altar of Nemelex Xobeh.
  4905 | D:5      | Identified the +9 short sword "Mutt" {flame, rPois rC-
                  | Dex+2 Stlth+}
  5078 | D:5      | Reached skill level 5 in Fighting
  5244 | D:5      | Noticed Eustachio
  5267 | D:5      | Killed Eustachio
  5609 | D:2      | Bought a +1 pair of gloves of strength for 231 gold pieces
  5829 | D:6      | Reached skill level 1 in Evocations
  5937 | D:6      | Reached skill level 5 in Long Blades
  6004 | D:6      | Noticed Maggie
  6043 | D:6      | Slain by Maggie

Illustrated notes

Levels and vault maps discovered:
D:1:      dpeg_arrival_three_same_balls, layout_loops_cross, serial_shops,
          shop_fountains
D:2:      layout_loops_ring, serial_shops, nicolae_diamond_shop,
          item_on_display_a
D:3:      layout_loops_corners, lemuel_tele_altar, mainiacjoe_overflow_paths,
          gup_sewer_entry_spiral
D:4:      layout_loops_ring, led_sif_pool, mainiacjoe_overflow_cross_hatched,
          mainiacjoe_overflow_alcove_1, uniq_ijyb
D:5:      layout_loops_corners, mainiacjoe_overflow_divided_tiny,
          chequers_decorated_corner, uniq_menkaure, uniq_grinder, uniq_eustachio
D:6:      layout_basic, grunt_ministairs_14, nicolae_elemental_shop,
          nicolae_shop_fire_sale [nicolae_sub_dead_trees],
          roderic_roman_lattice, uniq_maggie

Skill      XL: |  1  2  3  4  5  6  7  8 |
---------------+-------------------------+-----
Long Blades    | 2 3 4 5 |  5.0
Armour         | 4 5 6 |  6.7
Shields        | 4 5 6 |  6.7
Dodging        | 1 2 |  2.7
Fighting       | 4 5 |  5.2
Evocations     | 1 |  1.0

Action                     |  1- 3 |  4- 6 |  7- 9 || total
---------------------------+-------+-------+-------++-------
  Melee: Long sword        |   163 |   383 |   243 ||   789
         Unarmed           |       |       |    12 ||    12
  Evoke: Wand              |       |       |     3 ||     3
    Use: Scroll            |     2 |     9 |       ||    11
         Potion            |     1 |     2 |       ||     3
   Stab: Invisible         |       |       |     2 ||     2
 Armour: Scale mail        |   112 |   299 |   112 ||   523
         Skin              |       |       |     4 ||     4
  Dodge: Dodged            |    78 |   232 |    92 ||   402
  Block: Buckler           |    32 |   121 |    63 ||   216

Table legend: (Time is in decaauts)
 A = Elapsed time spent in this place.
 B = Non-inter-level travel time spent in this place.
 C = Inter-level travel time spent in this place.
 D = Time resting spent in this place.
 E = Time spent auto-exploring this place.
 F = Levels seen in this place.
 G = Mean time per level.
                   A        B        C        D        E       F      G
               +--------+--------+--------+--------+--------+-----+--------+
         Total |   6370 |   5981 |    389 |     94 |   3748 |   7 |  910.0 |
       Dungeon |   5502 |   5113 |    389 |     84 |   3281 |   6 |  917.0 |
         Sewer |    867 |    867 |      0 |     10 |    466 |   1 |  867.0 |
               +--------+--------+--------+--------+--------+-----+--------+

Top non-repeatable levels by time:
     D:5: 1541 daAuts
     D:3: 1156 daAuts
     D:1: 929 daAuts
     D:4: 889 daAuts
   Sewer: 867 daAuts
     D:2: 728 daAuts
     D:6: 257 daAuts
